 Dungeon Crawl Stone Soup version 0.29.1-15-g9cfb28693d (webtiles) character file.

Game seed: 1138201999344783411

1079 LustLizard the Charlatan (level 8, -2/58 HPs)
             Began as a Gnoll Wanderer on Mar 14, 2023.
             Was an Initiate of Hepliaklqana.
             Slain by a killer bee (6 damage)
             ... on level 5 of the Dungeon.
             The game lasted 00:16:19 (7302 turns).

LustLizard the Charlatan (Gnoll Wanderer)           Turns: 7302, Time: 00:16:20

Health: -2/58      AC:  4    Str: 11    XL:     8   Next: 29%
Magic:  14/17      EV: 12    Int: 15    God:    Hepliaklqana [......]
Gold:   247        SH:  0    Dex: 11    Spells: 10/19 levels left

rFire   . . .      SeeInvis .   p - +4 short sword (drain)
rCold   . . .      Faith    .   (no shield)
rNeg    . . .      Spirit   .   x - +0 leather armour
rPois   .          Reflect  .   (no helmet)
rElec   .          Harm     .   y - +0 cloak
rCorr   .          Rampage  .   (no gloves)
Will    .....                   (no boots)
Stlth   ++........              (no amulet)
HPRegen 0.19/turn               (no ring)
MPRegen 0.15/turn               (no ring)

@: about to teleport
A: fangs 1, strong nose, distributed training
a: Renounce Religion


You were on level 5 of the Dungeon.
You worshipped Hepliaklqana.
Hepliaklqana was noncommittal.
You visited 1 branch of the dungeon, and saw 5 of its levels.

You collected 247 gold pieces.

Inventory:

Hand Weapons
 p - a +4 short sword of draining (weapon)
Missiles
 e - 66 stones
 h - 4 poisoned darts
 s - 4 throwing nets
Armour
 c - a +0 robe
 x - a +0 leather armour (worn)
 y - a +0 cloak (worn)
Jewellery
 r - an amulet of faith
Wands
 d - a wand of polymorph (6)
 A - a wand of digging (2)
Scrolls
 a - a scroll of identify {unknown}
 f - a scroll of torment {unknown}
 g - 2 scrolls of immolation
 j - a scroll of brand weapon {unknown}
 l - a scroll of summoning {unknown}
 m - a scroll of teleportation
 n - a scroll of butterflies {unknown}
 o - 2 scrolls of poison {unknown}
 q - a scroll of fear {unknown}
 t - a scroll of enchant armour {unknown}
 v - a scroll of silence {unknown}
Potions
 b - a potion of curing
 i - 4 potions of berserk rage {unknown}
 k - a potion of flight {unknown}
 u - a potion of mutation {unknown}
 w - a potion of cancellation {unknown}
 z - 2 potions of magic {unknown}


   Skills:
 + Level 3.2 Fighting
 + Level 3.2 Short Blades
 + Level 3.2 Long Blades
 + Level 3.2 Axes
 + Level 3.2 Maces & Flails
 + Level 3.2 Polearms
 + Level 3.2 Staves
 + Level 3.2 Ranged Weapons
 + Level 3.2 Throwing
 + Level 3.2 Armour
 + Level 3.2 Dodging
 + Level 3.2 Stealth
 + Level 3.2 Shields
 + Level 3.2 Unarmed Combat
 + Level 6.0 Spellcasting
 + Level 2.6 Conjurations
 + Level 2.6 Hexes
 + Level 2.6 Summonings
 + Level 2.6 Necromancy
 + Level 4.7 Translocations
 + Level 2.6 Transmutations
 + Level 2.6 Fire Magic
 + Level 2.6 Ice Magic
 + Level 2.6 Air Magic
 + Level 6.1 Earth Magic
 + Level 2.6 Poison Magic
 + Level 3.6 Invocations
 + Level 7.4 Evocations


You had 10 spell levels left.
You knew the following spells:

 Your Spells              Type           Power      Damage    Failure   Level
a - Sandblast             Erth           44%        2d11      1%          1
b - Blink                 Tloc           36%        N/A       4%          2
c - Stone Arrow           Conj/Erth      34%        3d9       9%          3
d - Swiftness             Air            12%        N/A       19%         3

Your spell library contained the following spells:

 Spells                   Type           Power      Damage    Failure   Level
 Apportation              Tloc           36%        N/A       2%          1
 Passwall                 Tmut/Erth      14%        N/A       4%          2
 Gell's Gravitas          Tloc           18%        N/A       9%          3
 Ensorcelled Hibernation  Hex/Ice        24%        N/A       10%         2
 Static Discharge         Conj/Air       12%        3-5/arc   10%         2
 Iskenderun's Mystic Bla  Conj/Tloc      15%        2d5       38%         4
 Manifold Assault         Tloc           18%        N/A       58%         5
 Lightning Bolt           Conj/Air       6%         1d18      86%         5
 Storm Form               Tmut/Air       6%         N/A       100%        7
 Maxwell's Capacitive Co  Air            6%         ∞         100%        8


Dungeon Overview and Level Annotations

Branches:
Dungeon (5/15)             Temple (0/1) D:5

Altars:
Ashenzari
Gozag
Hepliaklqana
Nemelex Xobeh
Okawaru
Trog
Vehumet
The Shining One

Shops:
D:1 (   D:2 !

Annotations:
D:2 Sigmund
D:4 exclusion: ogre
D:5 exclusions: ice beast and 2 killer bees


Innate Abilities, Weirdness & Mutations

You have very sharp teeth.
Your uncanny sense of smell can sniff out nearby items.
Your experience applies equally to all skills.


Message History

The killer bee stings you.
Casting: Sandblast (safe; 1% risk of failure)
Confirm with . or Enter, or press ? or * to list all spells.
Aiming: Sandblast (safe; 1% risk of failure)
Press: ? - help, Shift-Dir - straight line, f - killer bee
Aim: a killer bee (65% to hit)
The blast of sand misses the killer bee.
The killer bee stings you but does no damage.
The killer bee stings you. The killer bee barely misses you.
The killer bee stings you but does no damage.
The killer bee stings you. The killer bee closely misses you.
Aiming: Sandblast (safe; 1% risk of failure)
Press: ? - help, Q - select action, (/) - cycle Shift-Dir - straight line, f/p - killer bee
Aim: a killer bee (65% to hit)
The blast of sand hits the killer bee!
The killer bee is severely wounded.
The killer bee stings you.
You are poisoned.
The killer bee poisons you! The killer bee stings you.
You are more poisoned.
The killer bee poisons you! The killer bee closely misses you.
The killer bee stings you.
* * * LOW HITPOINT WARNING * * *
The killer bee stings you.
* * * LOW HITPOINT WARNING * * *
The killer bee stings you!
* * * LOW HITPOINT WARNING * * *
You feel better.
The killer bee stings you but does no damage.
The killer bee barely misses you.
The killer bee stings you but does no damage.
The killer bee closely misses you.
As you read the scroll of teleportation, it crumbles to dust.
You feel strangely unstable. The killer bee barely misses you.
The killer bee stings you!
* * * LOW HITPOINT WARNING * * *
The killer bee stings you.
* * * LOW HITPOINT WARNING * * *
The killer bee stings you.
You die...

#.......Y..>......# ###
####................###.# ..#
#.....#.........##..# . ∆
#.#####..##..###........#..
..........#........)###.......
....................# #.##.##.
....................##.......
........................... ..
......#...#.....@y...#..⌠.. .
................†y.###........y#.
###.##....................>......
# #.##.##...)......###.....y...#
###.##......#........#..⌠...⌠..#
##.....##..<..##................
#.........[[...#.#.#.#.........
.<.[.................##.##.##.###
......<..[......#....##....#....#


You could see 2 killer bees.

Vanquished Creatures
  An ogre (D:5)
  A centaur (D:5)
  2 necrophages
  A gnoll sergeant (D:4)
  2 scorpions
  A killer bee (D:5)
  A gnoll bouda (D:4)
  An orc priest (D:5)
  2 hounds
  5 iguanas
  Ijyb (D:5)
  3 orc wizards
  6 gnolls
  7 adders
  2 shadow imps (D:5)
  An ufetubus (D:4)
  4 dart slugs
  10 orcs
  5 ball pythons
  4 bats
  2 endoplasms
  2 giant cockroaches
  7 goblins
  5 hobgoblins
  2 jackals (D:3)
  6 kobolds
  4 quokkas
  A frilled lizard (D:1)
  4 rats
93 creatures vanquished.

Notes
Turn   | Place    | Note
-------+----------+-------------------------------------------
     0 | D:1      | LustLizard the Gnoll Wanderer began the quest for the Orb.
     0 | D:1      | LustLizard set off with the following items: a +0 club, a
                  | potion of curing, a +0 robe, a wand of polymorph (6); and
                  | the following spells available to memorise: Sandblast,
                  | Apportation, Gell's Gravitas, Stone Arrow, Iskenderun's
                  | Mystic Blast.
     0 | D:1      | Reached XP level 1. HP: 13/13 MP: 6/6
     2 | D:1      | Learned a level 1 spell: Sandblast
     7 | D:1      | Found a faded altar of an unknown god.
   262 | D:1      | Found Petus's Weapon Boutique.
   365 | D:1      | Reached XP level 2. HP: 19/19 MP: 5/7
   436 | D:1      | Learned a level 2 spell: Blink
   972 | D:2      | Reached skill level 5 in Spellcasting
   972 | D:2      | Reached XP level 3. HP: 25/25 MP: 6/9
  1166 | D:2      | Noticed Sigmund
  1307 | D:2      | Reached skill level 1 in Invocations
  1363 | D:2      | Found Dataf's Distillery.
  1511 | D:2      | Reached skill level 1 in Fighting
  1511 | D:2      | Reached skill level 1 in Short Blades
  1511 | D:2      | Reached skill level 1 in Long Blades
  1511 | D:2      | Reached skill level 1 in Axes
  1511 | D:2      | Reached skill level 1 in Maces & Flails
  1511 | D:2      | Reached skill level 1 in Polearms
  1511 | D:2      | Reached skill level 1 in Staves
  1511 | D:2      | Reached skill level 1 in Ranged Weapons
  1511 | D:2      | Reached skill level 1 in Throwing
  1511 | D:2      | Reached skill level 1 in Armour
  1511 | D:2      | Reached skill level 1 in Dodging
  1511 | D:2      | Reached skill level 1 in Stealth
  1511 | D:2      | Reached skill level 1 in Shields
  1511 | D:2      | Reached skill level 1 in Unarmed Combat
  2181 | D:2      | Reached XP level 4. HP: 32/32 MP: 9/11
  2723 | D:3      | Reached skill level 1 in Conjurations
  2723 | D:3      | Reached skill level 1 in Hexes
  2723 | D:3      | Reached skill level 1 in Summonings
  2723 | D:3      | Reached skill level 1 in Necromancy
  2723 | D:3      | Reached skill level 1 in Transmutations
  2723 | D:3      | Reached skill level 1 in Fire Magic
  2723 | D:3      | Reached skill level 1 in Ice Magic
  2723 | D:3      | Reached skill level 1 in Air Magic
  2723 | D:3      | Reached skill level 1 in Poison Magic
  3394 | D:3      | Found a glowing golden altar of the Shining One.
  3398 | D:3      | Found a sparkling altar of Nemelex Xobeh.
  3398 | D:3      | Found a radiant altar of Vehumet.
  3411 | D:3      | Found a hazy altar of Hepliaklqana.
  3413 | D:3      | Found an opulent altar of Gozag.
  3429 | D:3      | Became a worshipper of Hepliaklqana the Forgotten
  3848 | D:4      | Reached XP level 5. HP: 37/37 MP: 9/12
  3869 | D:4      | Found a bloodstained altar of Trog.
  4516 | D:4      | Reached XP level 6. HP: 30/44 MP: 9/14
  5061 | D:3      | Learned a level 3 spell: Stone Arrow
  5530 | D:4      | Reached skill level 7 in Evocations
  5530 | D:4      | Reached XP level 7. HP: 49/50 MP: 8/15
  5660 | D:4      | Found a broken altar of Ashenzari.
  5843 | D:5      | Entered Level 5 of the Dungeon
  6191 | D:5      | Found an iron altar of Okawaru.
  6743 | D:5      | Reached XP level 8. HP: 58/58 MP: 6/16
  6820 | D:5      | Learned a level 3 spell: Swiftness
  6905 | D:5      | Found a staircase to the Ecumenical Temple.
  7066 | D:5      | Noticed Ijyb
  7087 | D:5      | Killed Ijyb
  7302 | D:5      | Slain by a killer bee

Illustrated notes

Levels and vault maps discovered:
D:1:      lightli_arrival_maybe_door_vault, layout_basic,
          dreamdust_ecumenical_altar_grove, serial_shops,
          nicolae_shop_waterfront
D:2:      layout_basic, serial_shops, shop, uniq_sigmund
D:3:      layout_basic, minmay_overflow_temple_star_hex
D:4:      layout_basic, mainiacjoe_overflow_24_doors, trog_antimagical,
          minmay_ruptured
D:5:      layout_rooms, mainiacjoe_overflow_small_starburst,
          minmay_temple_entry_large_hall, uniq_ijyb

Skill      XL: |  1  2  3  4  5  6  7  8 |
---------------+-------------------------+-----
Spellcasting   | 5 6 |  6.0
Invocations    | 1 2 3 |  3.6
Fighting       | 1 2 3 |  3.2
Short Blades   | 1 2 3 |  3.2
Long Blades    | 1 2 3 |  3.2
Axes           | 1 2 3 |  3.2
Maces & Flails | 1 2 3 |  3.2
Polearms       | 1 2 3 |  3.2
Staves         | 1 2 3 |  3.2
Ranged Weapons | 1 2 3 |  3.2
Throwing       | 1 2 3 |  3.2
Armour         | 1 2 3 |  3.2
Dodging        | 1 2 3 |  3.2
Stealth        | 1 2 3 |  3.2
Shields        | 1 2 3 |  3.2
Unarmed Combat | 1 2 3 |  3.2
Conjurations   | 1 2 |  2.6
Hexes          | 1 2 |  2.6
Summonings     | 1 2 |  2.6
Necromancy     | 1 2 |  2.6
Transmutations | 1 2 |  2.6
Fire Magic     | 1 2 |  2.6
Ice Magic      | 1 2 |  2.6
Air Magic      | 1 2 |  2.6
Poison Magic   | 1 2 |  2.6
Translocations | 4 |  4.7
Evocations     | 7 |  7.4
Earth Magic    | 6 |  6.1

Action                   |  1- 3 |  4- 6 |  7- 9 || total
-------------------------+-------+-------+-------++-------
Melee: Club              |     9 |       |       ||     9
       Bite              |     2 |       |       ||     2
       Short sword       |     1 |     4 |       ||     5
Throw: Dart              |       |     2 |     2 ||     4
 Cast: Sandblast         |    32 |    94 |    29 ||   155
       Stone Arrow       |       |     7 |    30 ||    37
       Blink             |       |     1 |       ||     1
  Use: Scroll            |     1 |     1 |     2 ||     4
       Potion            |       |       |     2 ||     2
Armor: Robe              |     1 |     5 |       ||     6
       Leather armour    |       |     6 |    15 ||    21
Dodge: Dodged            |    16 |    43 |    29 ||    88
